 Dungeon Crawl Stone Soup version 0.30-a0-802-gb92711bcdf (webtiles) character file.

Game seed: 746707289693210373

303 sircluck the Covert (level 6, -7/53 HPs)
             Began as a Gnoll Delver on Feb 24, 2023.
             Killed from afar by an electric eel (11 damage)
             ... with a bolt of electricity
             ... on level 5 of the Dungeon.
             The game lasted 00:03:01 (804 turns).

sircluck the Covert (Gnoll Delver)                   Turns: 804, Time: 00:03:01

Health: -7/53      AC:  3    Str: 14    XL:     6   Next: 38%
Magic:  9/9        EV: 11    Int:  9    God:
Gold:   15         SH:  9    Dex: 13    Spells: 9/9 levels left

rFire   . . .      SeeInvis .    l - +0 trident (heavy)
rCold   . . .      Faith    .    j - +1 kite shield
rNeg    . . .      Spirit   .    b - +0 leather armour
rPois   .          Reflect  .    (no helmet)
rElec   .          Harm     .    (no cloak)
rCorr   .          Rampage  .    (no gloves)
Will    .....                    (no boots)
Stlth   ++++                     (no amulet)
HPRegen 0.28/turn                (no ring)
MPRegen 0.11/turn                (no ring)

@: hasted, very quick
A: fangs 1, strong nose, distributed training
a: no special abilities


You were on level 5 of the Dungeon.
You visited 1 branch of the dungeon, and saw 1 of its levels.

You collected 15 gold pieces.

Inventory:

Hand Weapons
 a - a +0 falchion
 l - a +0 heavy trident (weapon)
Armour
 b - a +0 leather armour (worn)
 j - a +1 kite shield (worn)
Wands
 g - a wand of digging (2)
Scrolls
 d - a scroll of magic mapping
 e - a scroll of fear


   Skills:
 + Level 6.8 Fighting
 + Level 2.0 Short Blades
 + Level 5.0 Long Blades
 + Level 2.0 Axes
 + Level 2.0 Maces & Flails
 + Level 2.0 Polearms
 + Level 2.0 Staves
 + Level 2.0 Ranged Weapons
 + Level 2.0 Throwing
 + Level 2.0 Armour
 + Level 5.0 Dodging
 + Level 9.8 Stealth
 + Level 2.0 Shields
 + Level 2.0 Unarmed Combat
 + Level 2.0 Spellcasting
 + Level 1.6 Conjurations
 + Level 1.6 Hexes
 + Level 1.6 Summonings
 + Level 1.6 Necromancy
 + Level 1.6 Translocations
 + Level 1.6 Transmutations
 + Level 1.6 Fire Magic
 + Level 1.6 Ice Magic
 + Level 1.6 Air Magic
 + Level 1.6 Earth Magic
 + Level 1.6 Poison Magic
 + Level 2.2 Invocations
 + Level 2.0 Evocations


You had 9 spell levels left.
You didn't know any spells.
Your spell library was empty.

Dungeon Overview and Level Annotations

Branches:
Dungeon (5/15)
 Temple: D:4-7

Altars:


Innate Abilities, Weirdness & Mutations

You have very sharp teeth.
Your uncanny sense of smell can sniff out nearby items.
Your experience applies equally to all skills.


Message History

The electric eel shoots out a bolt of lightning at you!
The bolt of electricity hits you!
You enter the shallow water.
Moving in this stuff is going to be slow.
You start resting.
HP restored.
A troll comes into view.
There is an open door here.
Things that are here:
a curare-tipped dart; a +0 robe You see here a +0 spear of venom.
You hit the electric eel but do no damage.
The electric eel shoots out a bolt of lightning at you!
The bolt of electricity hits you!
The electric eel shoots out a bolt of lightning at you!
The bolt of electricity misses you.
You puncture the electric eel!
The electric eel is almost dead.
The electric eel shoots out a bolt of lightning at you!
The bolt of electricity hits you.
You barely miss the electric eel.
The electric eel is almost dead.
The electric eel shoots out a bolt of lightning at you!
The bolt of electricity hits you!
You miss the electric eel. Your bite misses the electric eel.
The electric eel is almost dead.
The electric eel shoots out a bolt of lightning at you!
The bolt of electricity hits you!
The electric eel shoots out a bolt of lightning at you!
The bolt of electricity hits you!
* * * LOW HITPOINT WARNING * * *
You feel yourself speed up.
As you read the scroll of fog, it crumbles to dust.
The scroll dissolves into smoke.
The electric eel shoots out a bolt of lightning at you!
The bolt of electricity hits you!
* * * LOW HITPOINT WARNING * * *
The electric eel shoots out a bolt of lightning at you!
The bolt of electricity hits you!
You die...

.# ∆ ~# ∆ ##~#
∆ #~~ ∆
##~######## ~
#..#..~~.≈##~#
#.#'..§~)≈≈#~#
#.#...§§§S§#.#
#~#...P§@§≈#.#
#~##..§§§S##.#
##.#####§##.#
##...~~~~~#
######.####
##.#.#..#
#....÷..#
#.......#
####.###..#


You could see 2 electric eels.

Vanquished Creatures
  2 phantoms (D:5)
  A necrophage (D:5)
  An electric eel (D:5)
  A jelly (D:5)
  An adder (D:5)
  A white imp (D:5)
  An orc (D:5)
  A quokka (D:5)
9 creatures vanquished.

Vanquished Creatures (others)
  2 plants (D:5)
2 creatures vanquished.

Grand Total: 11 creatures vanquished

Notes
Turn   | Place    | Note
-------+----------+-------------------------------------------
     0 | D:5      | Reached skill level 9 in Stealth
     0 | D:5      | sircluck the Gnoll Delver began the quest for the Orb.
     0 | D:5      | Reached XP level 1. HP: 23/23 MP: 1/1
   108 | D:5      | Noticed a phantom
   116 | D:5      | Killed a phantom
   117 | D:5      | Reached skill level 1 in Short Blades
   117 | D:5      | Reached skill level 1 in Axes
   117 | D:5      | Reached skill level 1 in Maces & Flails
   117 | D:5      | Reached skill level 1 in Polearms
   117 | D:5      | Reached skill level 1 in Staves
   117 | D:5      | Reached skill level 1 in Ranged Weapons
   117 | D:5      | Reached skill level 1 in Throwing
   117 | D:5      | Reached skill level 1 in Armour
   117 | D:5      | Reached skill level 1 in Shields
   117 | D:5      | Reached skill level 1 in Unarmed Combat
   117 | D:5      | Reached skill level 1 in Spellcasting
   117 | D:5      | Reached skill level 1 in Conjurations
   117 | D:5      | Reached skill level 1 in Hexes
   117 | D:5      | Reached skill level 1 in Summonings
   117 | D:5      | Reached skill level 1 in Necromancy
   117 | D:5      | Reached skill level 1 in Translocations
   117 | D:5      | Reached skill level 1 in Transmutations
   117 | D:5      | Reached skill level 1 in Fire Magic
   117 | D:5      | Reached skill level 1 in Ice Magic
   117 | D:5      | Reached skill level 1 in Air Magic
   117 | D:5      | Reached skill level 1 in Earth Magic
   117 | D:5      | Reached skill level 1 in Poison Magic
   117 | D:5      | Reached skill level 1 in Invocations
   117 | D:5      | Reached skill level 1 in Evocations
   117 | D:5      | Reached XP level 2. HP: 24/29 MP: 1/3
   117 | D:5      | Reached XP level 3. HP: 29/35 MP: 1/4
   117 | D:5      | Reached XP level 4. HP: 34/41 MP: 1/5
   220 | D:5      | Reached XP level 5. HP: 36/47 MP: 5/7
   497 | D:5      | Noticed a phantom
   575 | D:5      | Killed a phantom
   576 | D:5      | Reached skill level 5 in Long Blades
   576 | D:5      | Reached skill level 5 in Dodging
   576 | D:5      | Reached XP level 6. HP: 32/53 MP: 8/8
   791 | D:5      | Noticed a troll
   804 | D:5      | Killed from afar by an electric eel

Illustrated notes

Levels and vault maps discovered:
D:5:      cheibrodos_two_vegetables, layout_gridville,
          amcnicky_mini_rare_corridor_liquid, grunt_ministairs_10

Skill      XL: |  1  2  3  4  5  6 |
---------------+-------------------+-----
Stealth        | |  9.8
Short Blades   | 1 2 |  2.0
Axes           | 1 2 |  2.0
Maces & Flails | 1 2 |  2.0
Polearms       | 1 2 |  2.0
Staves         | 1 2 |  2.0
Ranged Weapons | 1 2 |  2.0
Throwing       | 1 2 |  2.0
Armour         | 1 2 |  2.0
Shields        | 1 2 |  2.0
Unarmed Combat | 1 2 |  2.0
Spellcasting   | 1 2 |  2.0
Conjurations   | 1 |  1.6
Hexes          | 1 |  1.6
Summonings     | 1 |  1.6
Necromancy     | 1 |  1.6
Translocations | 1 |  1.6
Transmutations | 1 |  1.6
Fire Magic     | 1 |  1.6
Ice Magic      | 1 |  1.6
Air Magic      | 1 |  1.6
Earth Magic    | 1 |  1.6
Poison Magic   | 1 |  1.6
Invocations    | 1 2 |  2.2
Evocations     | 1 2 |  2.0
Long Blades    | 5 |  5.0
Dodging        | 5 |  5.0
Fighting       | |  6.8

Action                     |  1- 3 |  4- 6 || total
---------------------------+-------+-------++-------
  Melee: Trident           |     3 |    23 ||    26
         Falchion          |     3 |       ||     3
         Bite              |       |     2 ||     2
  Throw: Dart              |       |     3 ||     3
  Evoke: Wand              |       |     1 ||     1
    Use: Potion            |     3 |     1 ||     4
         Scroll            |       |     3 ||     3
   Stab: Sleeping          |     1 |     1 ||     2
 Armour: Leather armour    |       |     3 ||     3
  Dodge: Dodged            |     2 |    10 ||    12
  Block: Kite shield       |       |     5 ||     5

Table legend: (Time is in decaauts)
 A = Elapsed time spent in this place.
 B = Non-inter-level travel time spent in this place.
 C = Inter-level travel time spent in this place.
 D = Time resting spent in this place.
 E = Time spent auto-exploring this place.
 F = Levels seen in this place.
 G = Mean time per level.
                   A        B        C        D        E       F      G
               +--------+--------+--------+--------+--------+-----+--------+
         Total |    832 |    778 |     54 |    275 |    333 |   1 |  832.0 |
       Dungeon |    832 |    778 |     54 |    275 |    333 |   1 |  832.0 |
               +--------+--------+--------+--------+--------+-----+--------+

Top non-repeatable levels by time:
     D:5: 832 daAuts
